 Dungeon Crawl Stone Soup version 0.23.2-1-ga50397a (webtiles) character file.

Game seed: 9601944978617948283

622 TrebMcFLY the Chopper (level 7, -1/61 HPs)
             Began as a Minotaur Fighter on May 19, 2019.
             Succumbed to a worker ant's poison
             ... on level 4 of the Dungeon.
             The game lasted 00:11:43 (2701 turns).

TrebMcFLY the Chopper (Minotaur Fighter)            Turns: 2701, Time: 00:11:44

Health: -1/61      AC: 12    Str: 22    XL:     7   Next: 22%
Magic:  7/7        EV:  4    Int:  5    God:
Gold:   97         SH: 11    Dex: 10    Spells: 6/6 levels left

rFire    . . .     SeeInvis .   a - +0 war axe
rCold    . . .     Gourm    .   c - +1 shield
rNeg     . . .     Faith    .   r - +0 plate armour
rPois    .         Spirit   .   (helmet restricted)
rElec    .         Reflect  .   (no cloak)
rCorr    .         Harm     .   (no gloves)
MR       .....                  (no boots)
Stlth    ..........             (no amulet)
HPRegen  0.20/turn              h - ring of flight
MPRegen  0.10/turn              (no ring)

@: lethally poisoned (-1 -> -8)
A: retaliatory headbutt, horns 2
a: Evoke Flight


You were on level 4 of the Dungeon.
You were not hungry.

You visited 1 branch of the dungeon, and saw 4 of its levels.

You collected 97 gold pieces.

Inventory:

Hand Weapons
 a - a +0 war axe (weapon)
Armour
 b - a +0 scale mail
 c - a +1 shield (worn)
 j - a +0 cloak
 r - a +0 plate armour (worn)
Jewellery
 h - a ring of flight (left hand)
 m - the amulet of a Billion Lovers {Gourm *Slow rC+ rN+ Str+7, unknown}
   (You found it on level 4 of the Dungeon)

   [amulet of the gourmand]

   It allows you to eat raw meat even when not hungry.
   It affects your strength (+7).
   It protects you from cold.
   It protects you from negative energy.
   It may slow you when you take damage.
Wands
 l - a wand of polymorph (5)
Scrolls
 e - 7 scrolls of identify {unknown}
 n - 3 scrolls of remove curse {unknown}
Potions
 d - a potion of might
 g - a potion of mutation {unknown}
 k - 2 potions of curing {unknown}
 q - a potion of magic {unknown}
 t - a potion of agility {unknown}
 v - a potion of cancellation {unknown}
Comestibles
 f - 7 rations
 p - 5 chunks of flesh


   Skills:
 + Level 5.3 Fighting
 * Level 6.2 Axes
 + Level 5.3 Armour
 + Level 5.4 Shields
 + Level 1.6 Evocations


You had 6 spell levels left.
You didn't know any spells.
Your spell library was empty.

Dungeon Overview and Level Annotations

Branches:
Dungeon (4/15)
 Temple: D:4-7

Altars:
Ru

Shops:
D:4 *


Innate Abilities, Weirdness & Mutations

You reflexively headbutt those who attack you in melee.
You have a pair of horns on your head.


Message History

Your plate armour prevents you from hitting the hound skeleton.
The hound skeleton bites you but does no damage.
The worker ant bites you but does no damage.
The ogre hits you with a +0 giant spiked club!!
* * * LOW HITPOINT WARNING * * *
Your shield and plate armour prevent you from hitting the ogre.
You headbutt the ogre.
You kill the ogre!
You hit the worker ant but do no damage.
You hit the hound skeleton but do no damage.
You block the hound skeleton's attack. The worker ant bites you.
* * * LOW HITPOINT WARNING * * *
You are lethally poisoned!
The worker ant poisons you!
The hound skeleton bites you but does no damage.
The worker ant bites you but does no damage.
Your plate armour prevents you from hitting the worker ant.
The worker ant is lightly wounded.
You hit the hound skeleton.
You die...

?..≈≈∩....####.####....,****,,###
..<≈≈≈≈≈#..............,,,,,,**
....≈≈≈...............,*,,****
######..............#*,**,* *
*##.............##,,*,******* *
#...#............##,,,,,,,,,,
****#.###.............#.,,,,,,,,,
**,...* #......Za.......,,,,,,,,*
,,,##** ###.....@.....#+*,,,,,,,,
>,,* #.....)...).#,*,,,,,,,, ,,,*
*****#.........###,***,,,,,*
,,,***,,,.......(...+,,∩,,+,,,,,*
,,,,,,,*###.........#**,***,,,**,
,,,***** #########..,*,*,,,,,**,
,,,* *...*+*,,,,,,*, ****
*....,,,,,,,,,* *******,,,,,,,,


You could see a worker ant and a hound skeleton.

Vanquished Creatures
  Sigmund (D:2)
  An ogre (D:4)
  An orc priest (D:4)
  A centaur skeleton (D:3)
  Natasha (thrice) (D:2)
  An orc wizard (D:4)
  2 worker ants (D:4)
  4 gnolls (D:3)
  5 adders
  2 adder skeletons (D:4)
  A worm (D:2)
  2 dart slugs
  4 leopard geckos
  7 orcs
  4 giant cockroaches
  6 goblins
  9 hobgoblins
  6 jackals
  7 kobolds
  9 bats
  8 frilled lizards
  4 rats (D:1)
88 creatures vanquished.

Notes
Turn   | Place    | Note
-------+----------+-------------------------------------------
     0 | D:1      | TrebMcFLY the Minotaur Fighter began the quest for the Orb.
     0 | D:1      | Reached XP level 1. HP: 19/19 MP: 0/0
    99 | D:1      | Reached XP level 2. HP: 27/27 MP: 1/1
   167 | D:1      | Reached skill level 3 in Axes
   307 | D:1      | Reached XP level 3. HP: 29/33 MP: 2/2
   806 | D:2      | Noticed Sigmund
   817 | D:2      | HP: 1/33 [Sigmund/+2 scythe of protection (11)]
   821 | D:2      | Killed Sigmund
   821 | D:2      | Reached skill level 4 in Axes
   821 | D:2      | Reached XP level 4. HP: 2/41 MP: 3/3
   821 | D:2      | Reached XP level 5. HP: 3/47 MP: 4/4
  1196 | D:2      | Noticed Natasha
  1202 | D:2      | Killed Natasha
  1202 | D:2      | Reached skill level 5 in Axes
  1527 | D:2      | Noticed Natasha
  1530 | D:2      | Found a sacrificial altar of Ru.
  1534 | D:2      | Killed Natasha
  1534 | D:2      | Reached XP level 6. HP: 55/55 MP: 5/5
  1874 | D:2      | Noticed Natasha
  1897 | D:2      | Killed Natasha
  2104 | D:3      | Reached skill level 5 in Shields
  2191 | D:3      | Reached skill level 5 in Fighting
  2198 | D:3      | Reached skill level 5 in Armour
  2415 | D:3      | Reached skill level 1 in Evocations
  2650 | D:4      | Found Tocuh's General Store.
  2661 | D:4      | Reached XP level 7. HP: 56/61 MP: 5/7
  2665 | D:4      | Reached skill level 6 in Axes
  2679 | D:4      | Got a glittering pewter amulet
  2699 | D:4      | HP: 1/61 [ogre/+0 giant spiked club (30)]
  2701 | D:4      | Succumbed to a worker ant's poison

Skill      XL: |  1  2  3  4  5  6  7 |
---------------+----------------------+-----
Axes           | 3 4 5 6 |  6.2
Shields        | 4 5 |  5.4
Fighting       | 4 5 |  5.3
Armour         | 4 5 |  5.3
Evocations     | 1 |  1.6

Action                   |  1- 3 |  4- 6 |  7- 9 || total
-------------------------+-------+-------+-------++-------
Melee: War axe           |    85 |    99 |     9 ||   193
       Headbutt          |    13 |    12 |     1 ||    26
       Unarmed           |       |    20 |       ||    20
  Use: Scroll            |       |     5 |     1 ||     6
  Eat: Chunk             |       |     6 |       ||     6
Armor: Scale mail        |    41 |    19 |       ||    60
       Plate armour      |       |    32 |    13 ||    45
Dodge: Dodged            |    28 |    36 |     2 ||    66
Block: Shield            |    43 |    67 |    12 ||   122
